 Dungeon Crawl Stone Soup version 0.26.0-7-g794d0892b4 (webtiles) character file.

Game seed: 5757140690752905283

106 Necrophagist the Conjurer (level 4, -4/24 HPs)
             Began as a Tengu Conjurer on Jan 11, 2021.
             Was an Initiate of Gozag.
             Killed by divine providence
             ... invoked by an orc priest
              (13 damage)
             ... on level 4 of the Dungeon.
             The game lasted 00:02:54 (2996 turns).

Necrophagist the Conjurer (Tengu Conjurer)          Turns: 2996, Time: 00:02:55

Health: -4/24      AC:  3    Str:  8    XL:     4   Next: 84%
Magic:  1/8        EV: 12    Int: 19    God:    Gozag
Gold:   128        SH:  0    Dex: 12    Spells: 5/8 levels left

rFire    . . .     SeeInvis .   s - +0 mace
rCold    . . .     Faith    .   (no shield)
rNeg     . . .     Spirit   .   u - +0 robe (curse)
rPois    .         Reflect  .   (helmet restricted)
rElec    .         Harm     .   (no cloak)
rCorr    .         Rampage  .   i - +0 pair of gloves
Will     .....                  (boots unavailable)
Stlth    ++........             (no amulet)
HPRegen  0.08/turn              (no ring)
MPRegen  0.11/turn              (no ring)

@: gold aura
A: beak, talons 3
a: Renounce Religion, Potion Petition, Call Merchant, Bribe Branch


You were on level 4 of the Dungeon.
You worshipped Gozag.
Gozag was aware of your devotion.
You visited 2 branches of the dungeon, and saw 5 of its levels.

You collected 188 gold pieces.
You paid 60 gold pieces to Gozag.

Inventory:

Hand Weapons
 s - a +0 mace (weapon)
Missiles
 t - 7 silver javelins
Armour
 a - a +0 robe
 i - a +0 pair of gloves (worn)
 u - a cursed +0 robe (worn)
Wands
 w - a wand of acid (6)
Scrolls
 b - 2 scrolls of immolation {unknown}
 c - 5 scrolls of fear {unknown}
 d - a scroll of teleportation {unknown}
 h - 3 scrolls of identify {unknown}
 j - a scroll of fog {unknown}
 k - 3 scrolls of enchant weapon {unknown}
 l - a scroll of noise {unknown}
 o - a scroll of remove curse {unknown}
 q - a scroll of random uselessness {unknown}
 v - a scroll of blinking {unknown}
Potions
 e - a potion of curing {unknown}
 f - a potion of cancellation {unknown}
 g - a potion of attraction {unknown}
 m - a potion of lignification {unknown}
 n - a potion of flight {unknown}
 p - a potion of ambrosia {unknown}
 r - a potion of mutation {unknown}


   Skills:
 + Level 2.5 Dodging
 - Level 2.0 Stealth
 + Level 2.6 Spellcasting
 + Level 7.3 Conjurations


You had 5 spell levels left.
You knew the following spells:

 Your Spells              Type           Power        Failure   Level
a - Magic Dart            Conj           100%         1%          1
r - Searing Ray           Conj           60%          1%          2

Your spell library contained the following spells:

 Spells                   Type           Power        Failure   Level
 Dazzling Flash           Conj/Hex       32%          11%         3
 Fulminant Prism          Conj/Hex       8%           34%         4
 Iskenderun's Mystic Bla  Conj/Tloc      16%          34%         4


Dungeon Overview and Level Annotations

Branches:
Dungeon (4/15)             Temple (1/1) D:4

Altars:
Ashenzari
Cheibriados
Elyvilon
Fedhas
Gozag
Hepliaklqana
Kikubaaqudgha
Nemelex Xobeh
Okawaru
Ru
Trog
Xom
Yredelemnul

Annotations:
D:3 2 transporters, dracos369's ghost, amateur GnWr


Innate Abilities, Weirdness & Mutations

You have a beak for a mouth.
You have claws for feet.


Message History

You closely miss the orc priest.
You claw the orc priest, but do no damage.
The orc priest is almost dead.
The orc priest becomes distracted by the nearby gold, dreaming of imaginary riches.
The orc hits you with a cursed +0 club. The orc closely misses you.
The orc priest shouts!
You closely miss the orc priest.
The orc priest is no longer distracted by gold.
Your kick misses the orc priest. Your peck misses the orc priest.
The orc priest is almost dead.
The orc priest casts a cantrip, but nothing happens.
The orc hits you with a cursed +0 club.
You barely miss the orc priest.
You claw the orc priest, but do no damage.
The orc priest is almost dead.
The orc priest mumbles some strange prayers to Beogh against you.
Beogh smites you!
Ouch! That really hurt!
You die...
Your body crumbles into a pile of gold.

....P#...#P......#
.....##.##.#.....#
.... #P.P#.......#
... ....#........#
#....(.....#....##
....#.#.##....##
......#..#.....##
...#.......[.#
#.....o@..###
#.....o...#
#...........#
#...$#......#
.....##.....#
#..$. ....?## ....
.#.### ... # .#


You could see an orc priest and an orc.

Vanquished Creatures
  4 adders
  An ooze (D:3)
  2 dart slugs
  A leopard gecko (D:4)
  4 orcs
  8 bats
  3 giant cockroaches
  5 goblins
  8 hobgoblins
  3 jackals (D:1)
  4 kobolds
  A ball python (D:2)
  8 frilled lizards
  4 rats
56 creatures vanquished.

Notes
Turn   | Place    | Note
-------+----------+-------------------------------------------
     0 | D:1      | Necrophagist the Tengu Conjurer began the quest for the
                  | Orb.
     0 | D:1      | Reached XP level 1. HP: 10/10 MP: 4/4
    99 | D:1      | Reached XP level 2. HP: 15/15 MP: 1/6
   501 | D:1      | Reached skill level 6 in Conjurations
   927 | D:2      | Reached XP level 3. HP: 19/19 MP: 2/7
  1441 | D:2      | Reached XP level 4. HP: 24/24 MP: 4/8
  1977 | D:3      | Found a transporter.
  2011 | D:3      | Reached skill level 7 in Conjurations
  2084 | D:3      | Found a transporter.
  2089 | D:3      | Noticed dracos369's ghost (amateur GnWr)
  2934 | D:4      | Found a staircase to the Ecumenical Temple.
  2938 | D:4      | Learned a level 2 spell: Searing Ray
  2949 | Temple   | Entered the Ecumenical Temple
  2960 | Temple   | Became a worshipper of Gozag Ym Sagoz the Greedy
  2996 | D:4      | Killed from afar by an orc priest

Illustrated notes

Levels and vault maps discovered:
D:1:      saegor_arrival_simple_e, layout_basic, corexii_item_surrounded_by_moat
D:2:      layout_basic
D:3:      layout_basic, gammafunk_ghost_stat_death
D:4:      layout_cave_pools, minmay_temple_entry_gardened_gates,
          lightli_sewer_entry_pipes
Temple:   nicolae_temple_x_marks_the_god

Skill      XL: |  1  2  3  4 |
---------------+-------------+-----
Conjurations   | 6 7 |  7.3
Dodging        | |  2.5
Stealth        | |  2.0
Spellcasting   | |  2.6

Action                   |  1- 3 |  4- 6 || total
-------------------------+-------+-------++-------
Melee: Unarmed           |     5 |       ||     5
       Peck              |     1 |       ||     1
       Mace              |       |     3 ||     3
       Kick              |       |     2 ||     2
 Cast: Magic Dart        |    54 |    44 ||    98
       Searing Ray       |       |     1 ||     1
Armor: Robe              |       |     1 ||     1
Dodge: Dodged            |     5 |     3 ||     8
